 Dungeon Crawl Stone Soup version 0.21.1-1-g345015f (webtiles) character file.

9 tidbits the Grave Robber (level 2, 18/20 HPs)
             Began as a Gnoll Necromancer on June 29, 2018.
             Quit the game on level 4 of the Dungeon.
             The game lasted 00:01:24 (165 turns).

tidbits the Grave Robber (Gnoll Necromancer)         Turns: 165, Time: 00:01:25

Health: 18/20      AC:  3    Str: 10    XL:     2   Next: 16%
Magic:  5/7        EV: 14    Int: 17    God:
Gold:   0          SH:  0    Dex: 15    Spells: 8/10 levels left

rFire    . . .     SeeInvis .   d - +0 dagger
rCold    . . .     Gourm    .   (no shield)
rNeg     . . .     Faith    .   a - +0 robe
rPois    .         Spirit   .   (no helmet)
rElec    .         Reflect  .   (no cloak)
rCorr    .         Harm     .   e - +0 pair of gloves
MR       .....                  (no boots)
Stlth    +++.......             (no amulet)
HPRegen  0.06/turn              (no ring)
MPRegen  0.10/turn              (no ring)

@: no status effects
A: distributed training, fangs 1, strong nose
a: no special abilities


You were on level 4 of the Dungeon.
You were not hungry.

You visited 1 branch of the dungeon, and saw 4 of its levels.

Inventory:

Hand Weapons
 d - a +0 dagger (weapon)
Armour
 a - a +0 robe (worn)
 e - a +0 pair of gloves (worn)
Scrolls
 f - 2 scrolls of identify {unknown}
 g - a scroll of remove curse {unknown}
Books
 b - a book of Necromancy

   Spells                             Type                      Level
   a - Pain                           Necromancy                   1
   b - Animate Skeleton               Necromancy                   1
   c - Vampiric Draining              Necromancy                   3
   d - Regeneration                   Charms/Necromancy            3
   e - Animate Dead                   Necromancy                   4
   f - Borgnjor's Vile Clutch         Necromancy/Earth             5
Comestibles
 c - a ration


   Skills:
 + Level 0.3 Fighting
 + Level 0.3 Short Blades
 + Level 0.3 Long Blades
 + Level 0.3 Axes
 + Level 0.3 Maces & Flails
 + Level 0.3 Polearms
 + Level 0.3 Staves
 + Level 0.3 Slings
 + Level 0.3 Bows
 + Level 0.3 Crossbows
 + Level 0.3 Throwing
 + Level 0.3 Armour
 + Level 4.4 Dodging
 + Level 4.0 Stealth
 + Level 0.3 Shields
 + Level 0.3 Unarmed Combat
 + Level 4.9 Spellcasting
 + Level 0.2 Conjurations
 + Level 0.2 Hexes
 + Level 0.2 Charms
 + Level 0.2 Summonings
 + Level 7.0 Necromancy
 + Level 0.2 Translocations
 + Level 0.2 Transmutations
 + Level 0.2 Fire Magic
 + Level 0.2 Ice Magic
 + Level 0.2 Air Magic
 + Level 0.2 Earth Magic
 + Level 0.2 Poison Magic
 + Level 0.4 Invocations
 + Level 0.3 Evocations


You had 8 spell levels left.
You knew the following spells:

 Your Spells              Type           Power        Failure   Level  Hunger
a - Pain                  Necr           ####         1%          1    None
n - Animate Skeleton      Necr           N/A          1%          1    None


Dungeon Overview and Level Annotations

Branches:
Dungeon (3/15)

Altars:


Innate Abilities, Weirdness & Mutations

Your experience applies equally to all skills.
You have very sharp teeth.
Your uncanny sense of smell can sniff out nearby items.


Message History

Casting: Pain
Confirm with . or Enter, or press ? or * to list all spells.
Aiming: Pain
Press: ? - help, Shift-Dir - straight line, f - hobgoblin
Aim: a hobgoblin, wielding a club (chance to defeat MR: 93%)
The hobgoblin writhes in agony!
Casting: Pain
Confirm with . or Enter, or press ? or * to list all spells.
Aiming: Pain
Press: ? - help, Shift-Dir - straight line, f/p - hobgoblin
Aim: a hobgoblin, wielding a club (severely wounded, chance to defeat MR: 93%)
The hobgoblin writhes in agony!
You kill the hobgoblin!
A leopard gecko comes into view.
Found a pair of gloves.
Found a stone staircase leading down.
You see here a pair of gloves.
Unknown command.
e - a pair of gloves You open the door.
Found 2 scrolls labeled SIRASU GABBEMN.
There is an open door here.
You see here 2 scrolls labeled SIRASU GABBEMN.
f - 2 scrolls labeled SIRASU GABBEMN
There is a stone staircase leading down here.
Found a short sword and a scroll labeled RUUW DOTOLELL.
A goblin comes into view.
Casting: Pain
Confirm with . or Enter, or press ? or * to list all spells.
Aiming: Pain
Press: ? - help, Shift-Dir - straight line, f - goblin
Aim: a goblin (chance to defeat MR: 93%)
The goblin writhes in agony!
You kill the goblin!
You see here a scroll labeled RUUW DOTOLELL.
g - a scroll labeled RUUW DOTOLELL
There is a stone staircase leading down here.
You climb downwards.
There is a stone staircase leading up here.
Unknown command.
Wear which item? (? for menu, Esc to quit)
You start putting on your armour.
You continue putting on your pair of gloves. x4
You finish putting on your +0 pair of gloves.
Found a stone staircase leading down.
A worm comes into view.
Unknown command.
The helpless worm fails to defend itself.
You impale the worm!!
You kill the worm!
You have reached level 2!
There is a stone staircase leading down here.
Memorise Animate Skeleton, consuming 1 spell level and leaving 8?
You start memorising the spell.
You continue memorising.
You finish memorising.
Spell assigned to 'n'.
You climb downwards.
Found 16 gold pieces.
There is a stone staircase leading up here.
Unknown command.
Unknown command.
There is a shaft here.
You fall through a shaft!
The shaft crumbles and collapses.
Unknown command.
You open the door.
There is an open door here.
You open the door. 2 orcs and an orc wizard come into view.
The orc shouts!
The orc wizard shouts!
The orc shouts!
You hear a shout!
Found 16 gold pieces.
An orc comes into view. It is wielding a flail.
As you close the door, it creaks loudly!
An orc opens the door.
There is an open door here.
You open the door.
There is an open door here.
You open the door.
There is an open door here.
Casting: Pain
Confirm with . or Enter, or press ? or * to list all spells.
Aiming: Pain
Press: ? - help, Shift-Dir - straight line, f - orc
Aim: an orc, wielding a dagger (chance to defeat MR: 93%)
The orc writhes in agony!
Casting: Pain
Confirm with . or Enter, or press ? or * to list all spells.
Aiming: Pain
Press: ? - help, Shift-Dir - straight line, f/p - orc
Aim: an orc, wielding a dagger (severely wounded, chance to defeat MR: 93%)
The orc writhes in agony!
You kill the orc!
You open the door.
There is an open door here.
An orc comes into view. It is wielding a club.
The orc shouts!
You hear a shout!
A ball python comes into view.
The ball python hisses angrily.
A leopard gecko, an orc and an orc priest come into view.
There is an open door here.
Are you sure you want to abandon this character and quit the game? (Confirm with "yes".)

#.... #.......# #....#
#S..o...# #....#
#.......# #....#
#........
#....#######........
#....#.....#........
#....#..)..#........
#....'.....'........
#....#....@#........
#....#.....#........
####....###+###........
..................#+####
..................#
..................#
..................#
##############'#....#
#.........o....# ...#


You could see an orc priest.

Vanquished Creatures
  A worm (D:2)
  An orc (D:4)
  2 goblins (D:1)
  A hobgoblin (D:1)
5 creatures vanquished.

Notes
Turn   | Place    | Note
-------+----------+-------------------------------------------
     0 | D:1      | tidbits the Gnoll Necromancer began the quest for the Orb.
     0 | D:1      | Reached XP level 1. HP: 13/13 MP: 6/6
    99 | D:2      | Reached XP level 2. HP: 17/19 MP: 7/7
   104 | D:2      | Learned a level 1 spell: Animate Skeleton
   111 | D:3      | You fall through a shaft!
   165 | D:4      | Quit the game

Action                   || total
-------------------------++-------
Melee: Dagger            ||     1
 Cast: Pain              ||     6
 Stab: Sleeping          ||     1

Table legend:
 A = Turns spent in this place as a percentage of turns spent in the entire game.
 B = Non-inter-level travel turns spent in this place as a percentage of non-inter-level travel turns spent in the entire game.
 C = Inter-level travel turns spent in this place as a percentage of turns spent in this place.
 D = Turns resting spent in this place as a percentage of non-inter-level travel turns spent in this place.
 E = Turns spent auto-exploring this place as a percentage of non-inter-level travel turns spent in this place.
 F = Non-inter-level travel turns spent in this place divided by the number of levels of this place that you've seen.
                   A       B       C       D       E      F
               +-------+-------+-------+-------+-------+----------------------
         Total | 100.0 | 100.0 |   0.0 |   0.0 |   0.0 |  41.2
       Dungeon | 100.0 | 100.0 |   0.0 |   0.0 |   0.0 |  41.2
               +-------+-------+-------+-------+-------+----------------------

Table legend:
 A = Kills in this place as a percentage of kills in entire the game.
 B = Kills by you in this place as a percentage of kills by you in the entire game.
 C = Kills by friends in this place as a percentage of kills by friends in the entire game.
 D = Other kills in this place as a percentage of other kills in the entire game.
 E = Experience gained in this place as a percentage of experience gained in the entire game.
 F = Experience gained in this place divided by the number of levels of this place that you have seen.
                   A       B       C       D       E      F
               +-------+-------+-------+-------+-------+----------------------
         Total | 100.0 | 100.0 |   N/A |   N/A | 100.0 |   3.5
       Dungeon | 100.0 | 100.0 |   N/A |   N/A | 100.0 |   3.5
               +-------+-------+-------+-------+-------+----------------------

Vault maps used:
D:1:      lightli_arrival_isolated_outpost
D:2:      chequers_ecumenical_altar_simple
D:3:      gammafunk_temple_overflow_pools, nemelex_xobeh_ov_fountains_minmay,
          overflow_temple_1_default, chequers_temple_overflow_statue_of_worship,
          lemuel_round_altar, makhleb_blood_cavern_becter,
          nicolae_dithmenos_through_a_glass_darkly, uniq_grinder
D:4:      minmay_temple_entry_statues_pillars
